Map: Year Zero LE

Players

Gerald - Winner!

  • Race: Protoss Protoss
  • Spawn Location: 11:00

Kel

  • Race: Zerg Zerg
  • Spawn Location: 1:00

Event: 2019 WCS Spring

VOD

Have the link to the VOD?

Description

Time

  • Played on: May 17, 2019, 6:49 a.m.
  • Length: 8:48

All games in this series

Show
View Real Time Build Order
Export as new Build Order

Gerald Protoss - Winner!

Build Orders: 1 Gate Expand 

Get SALT Encoding   

  12  0:01  Probe  
  13  0:13  Probe  
  14  0:20  Pylon  
  14  0:25  Probe  
  15  0:29  Assimilator  
  15  0:36  Probe  
  16  0:44  Probe, Gateway  
  17  0:52  Probe  
  18  1:04  Probe  
  19  1:16  Probe  
  20  1:25  Nexus  
  20  1:34  Cybernetics Core  
  20  1:38  Probe  
  21  1:43  Assimilator  
  21  1:50  Probe  
  21  1:53  Pylon  
  22  2:01  Adept  
  22  2:02  Probe  
  25  2:17  Gateway  
  25  2:20  Shield Battery  
  24  2:24  Warp Gate  
  24  2:34  Robotics Facility  
  24  2:35  Stalker  
  24  2:36  Probe  
  25  2:38  Probe  
  26  2:48  Probe  
  29  2:51  Probe  
  32  3:05  Zealot  
  32  3:10  Probe  
  32  3:11  Immortal  
  33  3:22  Pylon  
  36  3:28  Adept  
  38  3:35  Probe  
  38  3:37  Probe  
  38  3:41  Immortal  
  40  3:44  Pylon  
  40  3:47  Probe  
  45  3:56  Probe  
  45  4:02  Probe  
  47  4:08  Probe  
  48  4:14  Probe  
  48  4:15  Adept x2  
  51  4:20  Probe  
  51  4:22  Warp Prism  
  41  4:37  Adept x2  
  33  4:57  Zealot  
  35  5:00  Adept  
  35  5:02  Probe  
  35  5:06  Probe  
  39  5:14  Probe  
  40  5:15  Pylon  
  40  5:21  Probe  
  41  5:26  Pylon  
  41  5:27  Probe  
  42  5:33  Probe  
  43  5:46  Immortal, Probe  
  48  5:52  Probe  
  49  5:59  Twilight Council  
  49  6:11  Probe  
  50  6:12  Probe  
  51  6:22  Zealot x2  
  51  6:23  Probe  
  56  6:30  Probe  
  56  6:31  Charge  
  56  6:35  Probe  
  57  6:42  Probe  
  57  6:46  Templar Archives  
  58  6:48  Probe  
  58  6:52  Sentry  
  61  6:54  Pylon  
  61  6:56  Probe  
  62  7:10  Stargate  
  62  7:17  Adept x2  
  62  7:21  Probe  
  65  7:26  Probe  
  64  7:32  Stargate  
  64  7:33  Probe  
  64  7:34  Assimilator, Pylon  
  64  7:36  Assimilator  
  61  7:38  Probe  
  61  7:42  Shield Battery  
  60  7:44  Pylon  
  60  7:45  Probe  
  60  7:46  Phoenix  
  60  7:50  Probe  
  54  7:52  Stalker  
  54  7:53  Stalker  
  60  8:01  Pylon  
  60  8:03  Phoenix  
  60  8:07  Phoenix  
  60  8:08  Probe  
  60  8:09  Shield Battery  
  62  8:28  Probe  
  64  8:46  Zealot x2  
Show
View Real Time Build Order
Export as new Build Order

Kel Zerg 

Build Orders: Pool First 

Get SALT Encoding   

  12  0:01  Drone  
  13  0:14  Overlord  
  13  0:20  Drone  
  14  0:33  Drone x2  
  16  0:38  Drone  
  17  0:47  Spawning Pool  
  16  0:50  Drone  
  16  0:53  Extractor  
  16  1:00  Drone  
  17  1:20  Hatchery  
  16  1:33  Zergling x2  
  16  1:34  Zergling x4  
  19  1:45  Zergling x2  
  20  1:55  Zergling x2  
  20  1:57  Extractor  
  20  1:58  Lair  
  20  2:08  Zergling x2  
  21  2:21  Zergling x2  
  22  2:28  Overlord  
  22  2:45  Metabolic Boost, Zergling x6  
  25  2:54  Zergling x4  
  27  3:02  Zergling x2  
  28  3:07  Nydus Network  
  27  3:19  Zergling x4  
  29  3:35  Zergling x4  
  29  3:36  Zergling x4  
  32  3:44  Nydus Canal  
  32  3:52  Zergling x4  
  34  3:59  Nydus Canal  
  34  4:04  Zergling x4  
  34  4:13  Zergling x4  
  34  4:23  Zergling x6  
  27  4:36  Zergling x4  
  25  4:43  Zergling x4  
  26  4:48  Nydus Canal  
  24  5:00  Drone x2  
  24  5:16  Drone x4  
  28  5:36  Spire  
  27  5:46  Drone  
  27  5:47  Overlord  
  27  6:01  Overlord  
  27  6:15  Overlord  
  21  6:49  Mutalisk x4  
  21  6:52  Mutalisk  
  27  7:21  Zergling x8  
  26  7:51  Zergling x4  
  26  7:52  Zergling x6  
  31  8:06  Zergling x2  
  32  8:16  Nydus Canal  
  29  8:31  Zergling x2  
  34  8:39  Nydus Canal  
Tags
 
Add a new tag
Caveats
  • Supply blocks, unpowered buildings, or Contaminate may cause inaccurate times.
  • Supply counts are checked every 10 seconds.